 Dungeon Crawl Stone Soup version 0.26.1-11-gd32895ea62 (webtiles) character file.

Game seed: 8341105269468517235

44 Zeld the Chopper (level 3, -1/46 HPs)
             Began as a Minotaur Berserker on May 27, 2021.
             Was a Believer of Trog.
             Slain by an adder (2 damage)
             ... on level 2 of the Dungeon.
             The game lasted 00:01:24 (1151 turns).

Zeld the Chopper (Minotaur Berserker)               Turns: 1151, Time: 00:01:24

Health: -1/46      AC:  0    Str: 22    XL:     3   Next: 41%
Magic:  2/2        EV: 12    Int:  4    God:    Trog [**....]
Gold:   171        SH:  0    Dex:  9    Spells: 2/2 levels left

rFire    . . .     SeeInvis .   a - +0 hand axe
rCold    . . .     Faith    .   (no shield)
rNeg     . . .     Spirit   .   (no armour)
rPois    .         Reflect  .   (helmet restricted)
rElec    .         Harm     .   (no cloak)
rCorr    .         Rampage  .   (no gloves)
Will     ++...                  (no boots)
Stlth    ..........             (no amulet)
HPRegen  1.15/turn              e - ring of attention (curse)
MPRegen  0.08/turn              (no ring)

@: berserking, lethally poisoned (-1 -> -1), regenerating, very quick
A: retaliatory headbutt, horns 2
a: Renounce Religion, Berserk, Trog's Hand


You were on level 2 of the Dungeon.
You worshipped Trog.
Trog was pleased with you.
You visited 1 branch of the dungeon, and saw 2 of its levels.

You collected 171 gold pieces.

Inventory:

Hand Weapons
 a - a +0 hand axe (weapon)
Jewellery
 e - a cursed ring of attention (left hand)
Scrolls
 c - 3 scrolls of identify {unknown}
 f - 2 scrolls of fear {unknown}
 g - 2 scrolls of immolation {unknown}
 i - a scroll of teleportation {unknown}
 l - a scroll of remove curse {unknown}
Potions
 b - a potion of curing {unknown}
 d - a potion of might {unknown}
 h - 2 potions of brilliance {unknown}
 j - a potion of lignification {unknown}
 k - 2 potions of ambrosia {unknown}


   Skills:
 - Level 3.6 Fighting
 * Level 5.4 Axes
 - Level 2.4 Armour
 - Level 2.1 Dodging


You had 2 spell levels left.
You didn't know any spells.
Your spell library was empty.

Dungeon Overview and Level Annotations

Branches:
Dungeon (2/15)

Altars:


Innate Abilities, Weirdness & Mutations

You reflexively headbutt those who attack you in melee.
You have a pair of horns on your head.


Message History

The adder is severely wounded.
The adder bites you.
* * * LOW HITPOINT WARNING * * *
You are lethally poisoned!
The adder poisons you! The adder closely misses you. You furiously retaliate!
You headbutt the adder, but do no damage.
Your skin crawls.
You feel strong-willed.
You feel sick. The adder bites you.
* * * LOW HITPOINT WARNING * * *
A red film seems to cover your vision as you go berserk!
You feel yourself moving faster!
You feel mighty! The adder bites you.
* * * LOW HITPOINT WARNING * * *
You are more poisoned.
The adder poisons you!
You closely miss the adder. Your headbutt misses the adder.
The adder is heavily wounded.
* * * LOW HITPOINT WARNING * * *
You feel sick. The adder bites you.
You die...

# ..# #. ....# #..#
...# .....## ...#
#.....### ...# .#
#)@S###..# .#
#...###......# .# #...
###....# .# #... ###..#
.# #.. ###....# .# #..
###......# .#
#######(###.......##
.##...^............#..#
.<..# ###......###.##


You could see an adder.

Vanquished Creatures
  An adder (D:2)
  2 worms (D:2)
  2 leopard geckos
  A giant cockroach (D:2)
  4 goblins
  8 hobgoblins
  4 bats
  3 kobolds
  A rat (D:2)
26 creatures vanquished.

Notes
Turn   | Place    | Note
-------+----------+-------------------------------------------
     0 | D:1      | Zeld the Minotaur Berserker began the quest for the Orb.
     0 | D:1      | Reached XP level 1. HP: 19/19 MP: 0/0
   235 | D:1      | Reached skill level 4 in Axes
   455 | D:1      | Reached XP level 2. HP: 26/26 MP: 1/1
   895 | D:2      | Reached skill level 5 in Axes
   961 | D:2      | Reached ** piety under Trog
  1035 | D:2      | Reached XP level 3. HP: 31/31 MP: 2/2
  1150 | D:2      | HP: 1/46 [adder (5)]
  1151 | D:2      | Slain by an adder

Illustrated notes

Levels and vault maps discovered:
D:1:      dpeg_arrival_yet_another_circle, layout_basic
D:2:      layout_rooms, marbit_many_paths, minmay_unequal

Skill      XL: |  1  2 |
---------------+-------+-----
Axes           | 4 5 |  5.4
Fighting       | |  3.6
Armour         | |  2.4
Dodging        | |  2.1

Action                   || total
-------------------------++-------
Melee: Hand axe          ||    55
       Headbutt          ||     7
Invok: Berserk           ||     1
       Trog's Hand       ||     1
Dodge: Dodged            ||    41
